 Dungeon Sprint DCSS version 0.30.1-11-g7821555f0a (webtiles) character file.

Game seed: 14304751028114050271

6970 Groucho the Convoker (level 10, -10/65 HPs)
             Began as a Deep Elf Summoner on Jan 6, 2024.
             Was the Champion of Sif Muna.
             Mangled by a demonic crawler (17 damage)
             ... while paralysed by a floating eye
             ... in the Dungeon (Sprint VII: "The Pits").
             The game lasted 00:17:04 (5061 turns).

Groucho the Convoker (Deep Elf Summoner)            Turns: 5061, Time: 00:17:05

Health: -10/65     AC:  5    Str:  8    XL:     10   Next: 81%
Magic:  12/29      EV:  2    Int: 25    God:    Sif Muna [******]
Gold:   0          SH:  0    Dex: 15    Spells: 20/36 levels left

rFire   . . .        h - +2 trident
rCold   . . .        (no shield)
rNeg    . . .        a - +0 robe
rPois   .            (no helmet)
rElec   .            (no cloak)
rCorr   .            q - +0 pair of gloves
SInv    .            p - +0 pair of boots
Will    +....        (no amulet)
Stlth   ++           g - +3 ring of evasion
HPRegen 0.30/turn    l - +3 ring of strength
MPRegen 0.21/turn

%: no teleportation
@: paralysed
A: no striking features
a: Renounce Religion, Channel Magic, Forget Spell, Divine Exegesis


You were in the Dungeon.
You worshipped Sif Muna.
Sif Muna was exalted by your worship.
You visited 1 branch

Inventory:

Hand Weapons
 h - a +2 trident (weapon)
 o - a +2 halberd of protection
Armour
 a - a +0 robe (worn)
 p - a +0 pair of boots (worn)
 q - a +0 pair of gloves (worn)
Jewellery
 g - a +3 ring of evasion (left hand)
 l - a +3 ring of strength (right hand)
Scrolls
 j - 5 scrolls of amnesia
Potions
 b - 5 potions of magic
 c - 5 potions of curing
 d - 8 potions of heal wounds
 e - 2 potions of haste
 f - 2 potions of berserk rage
 i - 2 potions of invisibility
 m - a potion of brilliance
 n - a potion of mutation


   Skills:
 + Level 8.4 Fighting
 - Level 5.0 Polearms
 + Level 8.8 Armour
 - Level 2.4 Dodging
 - Level 2.4 Stealth
 + Level 13.8 Spellcasting
 * Level 16.4 Summonings
 - Level 5.0 Air Magic
 + Level 11.0 Invocations


You had 20 spell levels left.
You knew the following spells:

 Your Spells              Type           Power      Damage    Failure   Level
a - Summon Small Mammal   Summ           100%       N/A       0%          1
b - Call Imp              Summ           100%       N/A       0%          2
c - Call Canine Familiar  Summ           79%        N/A       0%          3
d - Summon Lightning Spi  Summ/Air       63%        N/A       1%          4
e - Summon Cactus Giant   Summ           39%        N/A       1%          6

Your spell library contained the following spells:

 Spells                   Type           Power      Damage    Failure   Level
 Summon Guardian Golem    Hex/Summ       55%        N/A       1%          3
 Animate Armour           Summ/Erth      100%       N/A       1%          4
 Apportation              Tloc           34%        N/A       3%          1
 Necrotise                Necr           68%        1d7       3%          1
 Summon Hydra             Summ           39%        N/A       3%          7
 Blink                    Tloc           34%        N/A       4%          2
 Lesser Beckoning         Tloc           34%        N/A       4%          2
 Momentum Strike          Conj/Tloc      34%        3d8       4%          2
 Stone Arrow              Conj/Erth      34%        3d9       10%         3
 Vampiric Draining        Necr           17%        2d7       10%         3
 Volatile Blastmotes      Fire/Tloc      34%        2d12      10%         3
 Animate Dead             Necr           17%        N/A       32%         4
 Sticky Flame             Conj/Fire      17%        2d4       32%         4
 Freezing Cloud           Conj/Ice/Air   12%        6-21      43%         5
 Alistair's Intoxication  Tmut/Pois      11%        N/A       67%         5
 Borgnjor's Vile Clutch   Necr/Erth      8%         N/A       67%         5
 Iskenderun's Battlesphe  Conj           17%        2d7       67%         5
 Spellforged Servitor     Conj/Summ      27%        N/A       67%         7
 Iron Shot                Conj/Erth      8%         9d3       99%         6
 Statue Form              Tmut/Erth      11%        N/A       99%         6
 Borgnjor's Revivificati  Necr           8%         N/A       100%        8
 Death's Door             Necr           8%         N/A       100%        9


Dungeon Overview and Level Annotations

Branches:
Dungeon (1/1)

Altars:
Ashenzari
Cheibriados
Dithmenos
Elyvilon
Fedhas
Gozag
Hepliaklqana
Kikubaaqudgha
Makhleb
Nemelex Xobeh
Okawaru
Qazlal
Ru
Sif Muna
Trog
Uskayaw
Vehumet
Wu Jian
Xom
Yredelemnul
Zin
The Shining One
Jiyva
Lugonu

Annotations:
D Ijyb


Message History

Unknown command.
Unknown command.
Unknown command.
Unknown command.
The demonic crawler misses you.
The demonic crawler completely misses you.
The demonic crawler misses you.
Unknown command.
Unknown command.
Unknown command.
You hit the demonic crawler but do no damage.
The floating eye's stare focuses on you.
The demonic crawler hits you!
The demonic crawler hits you but does no damage.
The demonic crawler hits you!
Unknown command.
Unknown command.
You completely miss the demonic crawler.
Your bat hits the demonic crawler but does no damage.
The demonic crawler barely misses you.
The demonic crawler closely misses you. x2
Ijyb screams, "Die!"
Your bat hits the demonic crawler but does no damage.
Your cactus giant hits the demonic crawler with a +0 giant spiked club.
Unknown command.
Unknown command.
The floating eye gazes piercingly through you!
You suddenly lose the ability to move!
The demonic crawler hits you but does no damage.
The demonic crawler hits you!
* * * LOW HITPOINT WARNING * * *
The demonic crawler hits you but does no damage.
Your bat barely misses the demonic crawler.
Your bat barely misses the demonic crawler. x2
Your warg barely misses the demonic crawler.
The demonic crawler hits you!
* * * LOW HITPOINT WARNING * * *
The demonic crawler hits you.
* * * LOW HITPOINT WARNING * * *
The demonic crawler hits you!
You die...

..##''# ###### ##### ..##..#
.....###...# . ..##..#
#'#.........## #.. ..##..#
##.##.....#...# #... ..##..#
##...##...###..# #....
..##..####.....##.##.##.###.....
..##...##......#.C.#.#H..#.Cg...
####.)..'..)...bsh.G.'3..).3.g..
####...##......#@.m#.#...#..H...
[[##..####.....##.##.##.## .....
..##..##.##...##...###†.# ....
))##..##..##.##.....#...# O..
))##..# #..#'#.........## ..
.)##..# #......###...## H
####### ######## #####


You could see a demonic crawler (ally target), a merfolk, a manticore, a smoke
demon, a floating eye, a friendly cactus giant (summoned), a friendly warg
(summoned) and a friendly bat (summoned).

Vanquished Creatures
  2 wolves (D)
  A scorpion (D)
  A killer bee (D)
  An orc (D)
  3 bats (D)
  A rat (D)
9 creatures vanquished.

Vanquished Creatures (collateral kills)
  A two-headed ogre (D)
  A death yak (D)
  A flayed ghost (D)
  A sea snake (D)
  A bog body (D)
  A phantasmal warrior (D)
  A lindwurm (D)
  2 orange demons (D)
  A rime drake (D)
  A troll (D)
  A polar bear (D)
  A tarantella (D)
  A fire bat (D)
  A spriggan (D)
  3 vampire mosquitoes (D)
  Menkaure (D)
  An orc warrior (D)
  3 centaurs (D)
  5 wolves (D)
  Blork the orc (D)
  An earth elemental (D)
  2 killer bees (D)
  A jelly (D)
  An orc priest (D)
  A mummy (D)
  An adder (D)
  A white imp (D)
  An ufetubus (D)
  An adder skeleton (D)
  A worm (D)
  2 orcs (D)
  An endoplasm (D)
  A giant cockroach (D)
  2 hobgoblins (D)
  2 quokkas (D)
  A ball python (D)
  2 frilled lizards (D)
  A quokka zombie (D)
  A rat (D)
53 creatures vanquished.

Grand Total: 62 creatures vanquished

Notes
Turn   | Place    | Note
-------+----------+-------------------------------------------
     0 | D        | Groucho the Deep Elf Summoner began the quest for the Orb.
     0 | D        | Reached XP level 1. HP: 10/10 MP: 6/6
    50 | D        | Found a glowing golden altar of the Shining One.
    50 | D        | Found a glowing silver altar of Zin.
    50 | D        | Found a basalt altar of Yredelemnul.
    50 | D        | Found a shimmering altar of Xom.
    50 | D        | Found an ornate altar of the Wu Jian Council.
    50 | D        | Found a bloodstained altar of Trog.
    50 | D        | Found a shimmering blue altar of Sif Muna.
    50 | D        | Found a sacrificial altar of Ru.
    50 | D        | Found a stormy altar of Qazlal.
    50 | D        | Found an iron altar of Okawaru.
    50 | D        | Found a sparkling altar of Nemelex Xobeh.
    50 | D        | Found a burning altar of Makhleb.
    50 | D        | Found a viscous altar of Jiyva.
    50 | D        | Found a hazy altar of Hepliaklqana.
    50 | D        | Found an opulent altar of Gozag.
    50 | D        | Found a blossoming altar of Fedhas.
    50 | D        | Found a white marble altar of Elyvilon.
    50 | D        | Found a shadowy altar of Dithmenos.
    50 | D        | Found a snail-covered altar of Cheibriados.
    51 | D        | Found a radiant altar of Vehumet.
    51 | D        | Found a corrupted altar of Lugonu.
    52 | D        | Found an ancient bone altar of Kikubaaqudgha.
    52 | D        | Found a hide-covered altar of Uskayaw.
    52 | D        | Found a broken altar of Ashenzari.
    53 | D        | Became a worshipper of Sif Muna the Loreminder
    73 | D        | Reached skill level 5 in Summonings
    82 | D        | Reached * piety under Sif Muna
    83 | D        | Reached skill level 1 in Armour
    83 | D        | Reached XP level 2. HP: 14/15 MP: 6/9
    83 | D        | Noticed a scorpion
    97 | D        | Learned a level 2 spell: Call Imp
   349 | D        | Killed a scorpion
   350 | D        | Reached skill level 1 in Polearms
   350 | D        | Reached skill level 5 in Spellcasting
   350 | D        | Reached skill level 7 in Summonings
   350 | D        | Reached XP level 3. HP: 19/19 MP: 9/12
   350 | D        | Reached XP level 4. HP: 24/24 MP: 9/13
   748 | D        | Learned a level 3 spell: Call Canine Familiar
   765 | D        | Reached ** piety under Sif Muna
   820 | D        | Noticed an orc warrior
   831 | D        | Reached *** piety under Sif Muna
   832 | D        | Reached skill level 1 in Fighting
   832 | D        | Reached skill level 1 in Invocations
   839 | D        | Killed an orc warrior
   840 | D        | Reached skill level 8 in Summonings
   840 | D        | Reached XP level 5. HP: 30/30 MP: 8/16
   845 | D        | Reached **** piety under Sif Muna
   857 | D        | Reached skill level 9 in Summonings
  1109 | D        | Reached ***** piety under Sif Muna
  1111 | D        | Noticed a spriggan
  1121 | D        | Killed a spriggan
  1122 | D        | Reached XP level 6. HP: 37/37 MP: 13/19
  1326 | D        | Noticed a fire bat
  1326 | D        | Noticed Menkaure
  1335 | D        | Reached skill level 10 in Summonings
  1346 | D        | Killed a fire bat
  1346 | D        | Received a gift from Sif Muna
  1347 | D        | Reached skill level 5 in Invocations
  1349 | D        | Killed Menkaure
  1350 | D        | Reached skill level 5 in Armour
  1350 | D        | Reached XP level 7. HP: 21/43 MP: 13/21
  1689 | D        | Reached skill level 1 in Air Magic
  1691 | D        | Reached skill level 11 in Summonings
  2254 | D        | Learned a level 4 spell: Summon Lightning Spire
  2745 | D        | Received a gift from Sif Muna
  2748 | D        | Got Sif Muna's Quarto of Debased Ceremonies {god gift}
  2761 | D        | Noticed a flayed ghost
  2761 | D        | Noticed a vampire mosquito
  2761 | D        | Noticed a vampire mosquito
  2761 | D        | Noticed a vampire mosquito
  3501 | D        | Reached XP level 8. HP: 48/48 MP: 14/23
  3506 | D        | Reached skill level 5 in Fighting
  3510 | D        | Received a gift from Sif Muna
  3580 | D        | Reached skill level 5 in Polearms
  3732 | D        | Reached skill level 12 in Summonings
  3737 | D        | Reached skill level 10 in Spellcasting
  3759 | D        | Received a gift from Sif Muna
  3760 | D        | Got Sif Muna's Compilation of Amassed Hyperthermia {god
                  | gift}
  3852 | D        | Noticed Blork the orc
  3860 | D        | Killed Blork the orc
  3860 | D        | Reached ****** piety under Sif Muna
  3875 | D        | Noticed a phantasmal warrior
  3875 | D        | Noticed a rime drake
  3898 | D        | Killed a phantasmal warrior
  3899 | D        | Reached skill level 13 in Summonings
  3899 | D        | Reached skill level 5 in Air Magic
  3899 | D        | Reached XP level 9. HP: 55/55 MP: 13/26
  3899 | D        | Noticed a death yak
  3905 | D        | Killed a death yak
  4023 | D        | Killed a flayed ghost
  4024 | D        | Reached skill level 14 in Summonings
  4147 | D        | Noticed a polar bear
  4151 | D        | Received a gift from Sif Muna
  4152 | D        | Got Cuischagg's Catalogue of Spectral Forces {god gift}
  4158 | D        | Killed a polar bear
  4160 | D        | Learned a level 6 spell: Summon Cactus Giant
  4423 | D        | Noticed a lindwurm
  4438 | D        | Killed a lindwurm
  4439 | D        | Reached XP level 10. HP: 13/63 MP: 9/28
  4440 | D        | Reached skill level 15 in Summonings
  4440 | D        | Reached skill level 10 in Invocations
  5003 | D        | Noticed an orange demon
  5008 | D        | Killed an orange demon
  5017 | D        | Noticed a sea snake
  5025 | D        | Killed a sea snake
  5035 | D        | Noticed an orange demon
  5037 | D        | Noticed a bog body
  5040 | D        | Received a gift from Sif Muna
  5042 | D        | Got Sif Muna's Almanac of the Fjord and Maleficent Secrets
                  | {god gift}
  5043 | D        | Killed a bog body
  5045 | D        | Noticed Ijyb
  5045 | D        | Noticed a two-headed ogre
  5045 | D        | Noticed a manticore
  5046 | D        | Paralysed by a floating eye for 2 turns
  5047 | D        | Killed an orange demon
  5048 | D        | Reached skill level 16 in Summonings
  5049 | D        | Noticed a smoke demon
  5049 | D        | Noticed a minotaur
  5050 | D        | Paralysed by a floating eye for 2 turns
  5052 | D        | Noticed a cyclops
  5053 | D        | Killed a two-headed ogre
  5054 | D        | Noticed a demonic crawler
  5060 | D        | Paralysed by a floating eye for 4 turns
  5061 | D        | Mangled by a demonic crawler

Illustrated notes

Levels and vault maps discovered:
D:        pitsprint [storerooms_1, entrance_room_1, metal_vault_3, armoury_2,
          mini_pit_1, grid_room_1, main_hall_1, silver_pit, the_coven_1,
          the_vestibule_1, steel_vault_2, golden_pit, hallway_of_sentries,
          crystal_vault_1, iron_vault_2, final_vault]

Skill      XL: |  1  2  3  4  5  6  7  8  9 10 |
---------------+-------------------------------+-----
Summonings     | 5 7 8 9 10 11 13 14 16 | 16.4
Armour         | 1 2 3 4 5 6 7 8 |  8.8
Spellcasting   | 4 5 6 8 9 11 12 13 | 13.8
Polearms       | 1 3 4 5 |  5.0
Fighting       | 2 3 4 6 7 8 |  8.4
Invocations    | 3 4 5 6 8 9 11 | 11.0
Air Magic      | 2 5 |  5.0
Dodging        | |  2.4
Stealth        | |  2.4

Action                     |  1- 3 |  4- 6 |  7- 9 | 10-12 || total
---------------------------+-------+-------+-------+-------++-------
  Melee: Trident           |     9 |    14 |    23 |     7 ||    53
   Cast: Summon Small Mamm |     8 |     3 |     7 |     2 ||    20
         Call Imp          |     1 |     4 |    16 |     1 ||    22
         Call Canine Famil |       |     7 |    15 |     2 ||    24
         Summon Lightning  |       |       |    11 |       ||    11
         Summon Cactus Gia |       |       |     3 |     3 ||     6
    Use: Potion            |     3 |     2 |     4 |       ||     9
         Scroll            |     1 |       |     1 |       ||     2
   Stab: Sleeping          |       |     1 |       |       ||     1
 Armour: Robe              |     3 |       |    13 |     4 ||    20
  Dodge: Dodged            |    14 |     9 |    49 |     8 ||    80
